General information
- name: BNet
- type: Ladder team game (AT/RT)
- host: Battle.net
- saver: miguelitito
map: TwistedMeadows
- players: 4
- length: 31:09
- speed: Fast
- version: 1.26 W3XP
- replay type: Public
» download(94 KB)
Players
team 1 (loser)
MonAmore (
green | 54 APM | 894 actions | 16:30)
1 Warden
1 Shadow Strike
» actions
| Assign group hotkey | 6 | |
| Basic commands | 14 | |
| Build / train | 32 | |
| ESC pressed | 1 | |
| Enter build submenu | 17 | |
| Enter hero's abilities submenu | 2 | |
| Right click | 473 | |
| Select / deselect | 241 | |
| Select group hotkey | 46 | |
| Use ability | 62 | |
894 total
» units
| Wisp | 11 | |
| Huntress | 9 | |
| Glaive Thrower | 1 | |
21 total
» upgrades
| Moon Armor | 1 | |
| Strength of the Moon | 1 | |
| Ultravision | 1 | |
3 total
» buildings
| Moon Well | 7 | |
| Hunter's Hall | 1 | |
| Altar of Elders | 1 | |
| Ancient of Wonders | 2 | |
| Ancient of War | 1 | |
| Tree of Ages | 1 | |
13 total
» build order
00:07 Moon Well
00:20 Hunter's Hall
01:12 Altar of Elders
01:42 Ancient of Wonders
01:53 Ancient of War
02:18 Moon Well
04:14 Moon Well
06:12 Moon Well
07:13 Ancient of Wonders
09:50 Tree of Ages
09:56 Moon Well
10:03 Moon Well
10:07 Moon Well
» items
| Moonstone | 2 | |
| Lesser Clarity Potion | 1 | |
3 total
2Dimon2 (
red | 41 APM | 659 actions | 16:15)
5 Blademaster
2 Wind Walk
3 Critical Strike
» actions
| Build / train | 37 | |
| Enter build submenu | 12 | |
| Enter hero's abilities submenu | 5 | |
| Right click | 383 | |
| Select / deselect | 184 | |
| Use ability | 38 | |
659 total
» units
| Peon | 6 | |
| Grunt | 5 | |
| Troll Headhunter/Berserker | 2 | |
| Wind Rider | 8 | |
21 total
» upgrades
| Berserker Strength | 1 | |
| Ranged Weapons | 1 | |
| Armor | 1 | |
3 total
» buildings
| Altar of Storms | 1 | |
| Orc Burrow | 5 | |
| Barracks | 1 | |
| War Mill | 1 | |
| Stronghold | 1 | |
| Voodoo Lounge | 1 | |
| Beastiary | 2 | |
12 total
» build order
00:06 Altar of Storms
00:08 Orc Burrow
00:43 Barracks
01:11 War Mill
02:00 Orc Burrow
04:00 Stronghold
04:39 Voodoo Lounge
06:07 Orc Burrow
07:26 Beastiary
08:39 Beastiary
08:48 Orc Burrow
12:59 Orc Burrow
» items
| Healing Salve | 5 | |
| Scroll of Town Portal | 1 | |
6 total
team 2 (winner)
code47 (
orange | 58 APM | 956 actions | 16:31)
5 Blademaster
2 Wind Walk
3 Critical Strike
» actions
| Assign group hotkey | 21 | |
| Basic commands | 108 | |
| Build / train | 52 | |
| Enter build submenu | 12 | |
| Enter hero's abilities submenu | 5 | |
| Remove unit from queue | 1 | |
| Right click | 315 | |
| Select / deselect | 207 | |
| Select group hotkey | 172 | |
| Use ability | 63 | |
956 total
» units
| Peon | 8 | |
| Troll Headhunter/Berserker | 20 | |
| Troll Witch Doctor | 2 | |
30 total
» upgrades
| Troll Regeneration | 1 | |
| Witch Doctor Training | 2 | |
| Melee Weapons | 0 | |
| Ranged Weapons | 2 | |
| Berserker Upgrade | 1 | |
6 total
» buildings
| Altar of Storms | 1 | |
| Orc Burrow | 4 | |
| Voodoo Lounge | 1 | |
| War Mill | 1 | |
| Stronghold | 1 | |
| Barracks | 2 | |
| Spirit Lodge | 1 | |
| Fortress | 1 | |
12 total
» build order
00:09 Altar of Storms
00:12 Orc Burrow
00:34 Voodoo Lounge
01:19 War Mill
01:58 Orc Burrow
02:52 Stronghold
05:08 Barracks
05:19 Barracks
05:57 Spirit Lodge
07:20 Orc Burrow
10:42 Fortress
12:04 Orc Burrow
» items
| Healing Salve | 2 | |
| Lesser Clarity Potion | 2 | |
| Scroll of Regeneration | 1 | |
| Potion of Healing | 1 | |
| Dust of Appearance | 1 | |
7 total
miguelitito (
blue | 55 APM | 1698 actions | 31:09)
5 Blood Mage
3 Flame Strike
1 Siphon Mana
1 Banish
4 Mountain King
2 Storm Bolt
2 Bash
» actions
| Assign group hotkey | 23 | |
| Basic commands | 11 | |
| Build / train | 67 | |
| Enter build submenu | 32 | |
| Enter hero's abilities submenu | 9 | |
| Give item / drop item | 2 | |
| Remove unit from queue | 1 | |
| Right click | 945 | |
| Select / deselect | 436 | |
| Select group hotkey | 63 | |
| Use ability | 107 | |
1698 total
» units
| Peasant | 11 | |
| Mortar Team | 11 | |
| Dragonhawk Rider | 6 | |
| Siege Engine | 2 | |
| Goblin Sapper | 4 | |
| Goblin Zeppelin | 1 | |
35 total
» upgrades
| Lumber Harvesting | 1 | |
| Barrage | 1 | |
| Cloud | 1 | |
| Flare | 1 | |
| Fragmentation Shards | 1 | |
5 total
» buildings
| Altar of Kings | 1 | |
| Farm | 11 | |
| Scout Tower | 9 | |
| Arcane Vault | 2 | |
| Arcane Tower | 4 | |
| Lumber Mill | 1 | |
| Keep | 1 | |
| Blacksmith | 1 | |
| Workshop | 2 | |
| Guard Tower | 2 | |
| Gryphon Aviary | 1 | |
| Castle | 1 | |
36 total
» build order
00:07 Altar of Kings
00:10 Farm
00:36 Scout Tower
00:47 Arcane Vault
01:07 Farm
01:45 Arcane Tower
01:58 Lumber Mill
02:18 Farm
03:12 Keep
03:28 Blacksmith
03:49 Scout Tower
03:53 Scout Tower
03:55 Scout Tower
04:43 Scout Tower
05:00 Farm
05:06 Arcane Tower
05:22 Scout Tower
06:02 Arcane Tower
06:12 Workshop
06:18 Workshop
06:23 Scout Tower
07:06 Guard Tower
07:09 Farm
07:15 Gryphon Aviary
07:23 Arcane Vault
08:33 Scout Tower
08:41 Scout Tower
09:31 Guard Tower
10:02 Farm
10:43 Farm
12:02 Farm
12:45 Castle
16:55 Farm
16:58 Farm
17:07 Farm
17:31 Arcane Tower
» items
| Boots of Speed | 1 | |
| Periapt of Vitality | 1 | |
| Circlet of Nobility | 1 | |
| Staff of Teleportation | 1 | |
| Lesser Clarity Potion | 2 | |
| Orb of Fire | 1 | |
7 total
Chat log
(00:20 / Allies) code47: hi go rush?
(00:24 / Allies) miguelitito: why not
(04:11 / Allies) miguelitito: 100 g posible ?
(04:18 / Allies) miguelitito: 100 g please
(11:36 / Allies) miguelitito: anti air man
(16:27 / All) miguelitito: GG